 Dungeon Sprint DCSS version 0.28.0-53-g5a82cb258f (webtiles) character file.

Game seed: 10434368828796649333

806 Zeld the Cleaver (level 7, -7/115 HPs)
             Began as a Minotaur Berserker on June 4, 2022.
             Was a Priest of Trog.
             Mangled by a sixfirhy (10 damage)
             ... summoned by a kobold demonologist
             ... in the Dungeon (Sprint I: "Red Sonja").
             The game lasted 00:00:27 (650 turns).

Zeld the Cleaver (Minotaur Berserker)                Turns: 650, Time: 00:00:28

Health: -7/115     AC:  2    Str: 23    XL:     7   Next: 60%
Magic:  6/6        EV: 14    Int:  4    God:    Trog [***...]
Gold:   270        SH:  0    Dex: 10    Spells: 6/6 levels left

rFire   . . .      SeeInvis .   a - +0 hand axe
rCold   . . .      Faith    .   (no shield)
rNeg    . . .      Spirit   .   b - +0 animal skin
rPois   .          Reflect  .   (helmet restricted)
rElec   .          Harm     .   (no cloak)
rCorr   .          Rampage  .   (no gloves)
Will    .....      NoTele   +   (no boots)
Stlth   ..........              (no amulet)
HPRegen 0.29/turn               (no ring)
MPRegen 0.10/turn               (no ring)

@: berserking, very quick
A: horns 2, retaliatory headbutt
a: Renounce Religion, Berserk, Trog's Hand


You were in the Dungeon.
You worshipped Trog.
Trog was most pleased with you.
You visited 1 branch You collected 270 gold pieces.

Inventory:

Hand Weapons
 a - a +0 hand axe (weapon)
Armour
 b - a +0 animal skin (worn)
Wands
 i - a wand of flame (3)
Scrolls
 h - a scroll of blinking
Potions
 c - a potion of curing
 d - a potion of heal wounds
 e - a potion of haste
 f - 2 potions of magic
 g - a potion of berserk rage


   Skills:
 * Level 12.0 Fighting
 * Level 12.1 Axes
 + Level 8.5 Armour
 + Level 8.0 Dodging


You had 6 spell levels left.
You didn't know any spells.
Your spell library was empty.

Dungeon Overview and Level Annotations

Branches:
Dungeon (1/1)

Altars:
Makhleb
Xom
Jiyva
Lugonu


Innate Abilities, Weirdness & Mutations

You have a pair of horns on your head.
You reflexively headbutt those who attack you in melee.


Message History

The kobold demonologist is heavily wounded.
You hit the sixfirhy.
The iron imp disappears in a puff of smoke!
The sixfirhy hits you. The sixfirhy shocks you!
Unknown command.
You slash the kobold demonologist!
The kobold demonologist is severely wounded.
You slash the sixfirhy!
The kobold demonologist looks satisfied for a moment.
Unknown command.
You slash the kobold demonologist!
You feel the power of Trog in you as your rage grows.
You kill the kobold demonologist!
Trog accepts your kill.
Trog appreciates your killing of a magic user.
The shadow imp disappears in a puff of smoke!
The iron imp disappears in a puff of smoke!
The white imp disappears in a puff of smoke!
You completely miss the sixfirhy.
Your Fighting skill increases to level 12!
Your Axes skill increases to level 12!
Your Armour skill increases to level 8!
Your Dodging skill increases to level 8!
The kobold demonologist miscasts a cantrip.
Things that are here:
a +0 dagger; a +0 robe; a kobold corpse Unknown command.
You closely miss the kobold demonologist.
You barely miss the sixfirhy.
The kobold demonologist hits you with a +0 dagger.
Unknown command.
You barely miss the kobold demonologist.
Your headbutt misses the kobold demonologist.
You slash the sixfirhy! The sixfirhy hits you!
* * * LOW HITPOINT WARNING * * *
The sixfirhy shocks you!
* * * LOW HITPOINT WARNING * * *
The sixfirhy hits you!
* * * LOW HITPOINT WARNING * * *
The sixfirhy shocks you!
You die...

####################
)..#..'..#__#..'3K.#
#..').#..'..'..#@§.#
##'#####+#__####.§.+
#..# #### ##### ####


You could see a kobold demonologist and a sixfirhy (summoned).

Vanquished Creatures
  A kobold demonologist (D)
  A slime creature (D)
  Sigmund (D)
  A floating eye (D)
  An ogre (D)
  Ijyb (D)
6 creatures vanquished.

Notes
Turn   | Place    | Note
-------+----------+-------------------------------------------
     0 | D        | Zeld the Minotaur Berserker began the quest for the Orb.
     0 | D        | Reached XP level 1. HP: 19/19 MP: 0/0
     2 | D        | Noticed Ijyb
     6 | D        | Killed Ijyb
     7 | D        | Reached skill level 5 in Fighting
     7 | D        | Reached skill level 5 in Axes
     7 | D        | Reached XP level 2. HP: 26/29 MP: 1/1
   115 | D        | Noticed an ogre
   120 | D        | Killed an ogre
   121 | D        | Reached skill level 5 in Armour
   121 | D        | Reached XP level 3. HP: 39/39 MP: 2/2
   121 | D        | Reached XP level 4. HP: 47/47 MP: 3/3
   432 | D        | Noticed Sigmund
   438 | D        | Killed Sigmund
   438 | D        | Reached ** piety under Trog
   439 | D        | Reached skill level 5 in Dodging
   439 | D        | Reached XP level 5. HP: 57/57 MP: 4/4
   494 | D        | Found a burning altar of Makhleb.
   494 | D        | Found a viscous altar of Jiyva.
   494 | D        | Found a shimmering altar of Xom.
   494 | D        | Found a corrupted altar of Lugonu.
   494 | D        | Noticed a slime creature
   501 | D        | Killed a slime creature
   502 | D        | Reached skill level 10 in Fighting
   502 | D        | Reached skill level 10 in Axes
   502 | D        | Reached XP level 6. HP: 67/67 MP: 5/5
   632 | D        | Noticed a kobold demonologist
   632 | D        | Noticed a floating eye
   632 | D        | Noticed a kobold demonologist
   633 | D        | Paralysed by a floating eye for 2 turns
   636 | D        | Killed a floating eye
   637 | D        | Reached XP level 7. HP: 74/74 MP: 6/6
   637 | D        | Noticed a sixfirhy
   639 | D        | Noticed a chaos spawn
   647 | D        | Killed a kobold demonologist
   647 | D        | Reached *** piety under Trog
   650 | D        | HP: 3/115 [sixfirhy[a kobold demonologist] (13)]
   650 | D        | Mangled by a sixfirhy

Illustrated notes

Levels and vault maps discovered:
D:        dungeon_sprint_1 [red_sonja_temple_1, red_sonja_temple_small_1]

Skill      XL: |  1  2  3  4  5  6  7 |
---------------+----------------------+-----
Fighting       | 5 7 9 10 11 12 | 12.0
Axes           | 5 7 9 10 11 12 | 12.1
Armour         | 3 5 6 7 8 |  8.5
Dodging        | 3 4 5 6 7 8 |  8.0

Action                   |  1- 3 |  4- 6 |  7- 9 || total
-------------------------+-------+-------+-------++-------
Melee: Hand axe          |     6 |    10 |    13 ||    29
       Headbutt          |     2 |     4 |     1 ||     7
Invok: Berserk           |     2 |     3 |       ||     5
Dodge: Dodged            |     2 |     2 |     5 ||     9
